 Seeded DCSS version 0.30-a0-585-g93115170b9 (webtiles) character file.

Game seed: 10598967555626449285 (custom seed)

144 purpskrrrp the Insei (level 5, -4/33 HPs)
             Began as an Octopode Transmuter on Jan 1, 2023.
             Slain by Sigmund
             ... wielding a +0 scythe
              (8 damage)
             ... on level 3 of the Dungeon.
             The game lasted 00:04:53 (2518 turns).

purpskrrrp the Insei (Octopode Transmuter)          Turns: 2518, Time: 00:04:54

Health: -4/33      AC:  1    Str: 11    XL:     5   Next: 27%
Magic:  0/9        EV: 13    Int: 16    God:
Gold:   140        SH:  0    Dex: 12    Spells: 6/9 levels left

rFire   . . .      SeeInvis .      - Unarmed
rCold   . . .      Faith    .    (no shield)
rNeg    . . .      Spirit   +    (helmet currently unavailable)
rPois   .          Reflect  .    n - amulet of guardian spirit
rElec   .          Harm     .    (no ring)
rCorr   .          Rampage  .    (no ring)
Will    .....                    (no ring)
Stlth   +++                      (no ring)
HPRegen 0.25/turn                (no ring)
MPRegen 0.11/turn                (no ring)
                                 (no ring)
                                 (no ring)

@: appendages (expiring)
A: tentacle spike 3, almost no armour, amphibious, 8 rings, camouflage 1,
gelatinous body 1, (nimble swimmer 1), tentacles
a: End Transformation


You were on level 3 of the Dungeon.
One of your tentacles had grown a beastly spike.
You visited 1 branch of the dungeon, and saw 3 of its levels.

You collected 140 gold pieces.

Inventory:

Missiles
 h - 6 curare-tipped darts
Jewellery
 n - an amulet of guardian spirit (around mantle)
Scrolls
 b - a scroll of blinking
 c - 2 scrolls of teleportation
 i - a scroll of enchant weapon
Potions
 a - 2 potions of lignification
 e - 4 potions of might {unknown}
 f - a potion of curing {unknown}
 g - a potion of cancellation {unknown}
 j - a potion of attraction {unknown}
 k - a potion of heal wounds {unknown}
 l - a potion of invisibility {unknown}
 m - a potion of haste {unknown}


   Skills:
 - Level 1.6 Fighting
 + Level 2.8 Dodging
 * Level 2.9 Stealth
 + Level 3.6 Unarmed Combat
 + Level 2.7 Spellcasting
 + Level 2.7 Transmutations


You had 6 spell levels left.
You knew the following spells:

 Your Spells              Type           Power      Damage    Failure   Level
a - Beastly Appendage     Tmut           22%        N/A       6%          1
b - Wereblood             Tmut           11%        N/A       10%         2

Your spell library contained the following spells:

 Spells                   Type           Power      Damage    Failure   Level
 Spider Form              Tmut/Pois      6%         N/A       32%         3
 Ice Form                 Ice/Tmut       6%         N/A       73%         4


Dungeon Overview and Level Annotations

Branches:
Dungeon (3/15)

Altars:

Annotations:
D:3 Sigmund


Innate Abilities, Weirdness & Mutations

One of your tentacles has grown a beastly spike.
You cannot wear most types of armour.
You are amphibious.
You can wear up to eight rings at the same time.
Your skin changes colour to match your surroundings (Stealth+).
Your rubbery body absorbs attacks. (AC +1, EV +1)
((You are camouflaged when in or above water. (Stealth+)))
You have tentacles for arms and can constrict up to eight enemies at once.


Message History

The giant cockroach is heavily wounded.
You constrict the giant cockroach, but do no damage.
The giant cockroach misses you. Something hits you!
You tentacle-slap the giant cockroach.
The giant cockroach is severely wounded.
You constrict the giant cockroach. The giant cockroach closely misses you.
The frilled lizard bites you.
You are too injured to fight recklessly!
You are too injured to fight recklessly!
You are too injured to fight recklessly!
You are too injured to fight recklessly!
You are too injured to fight recklessly!
You are too injured to fight recklessly!
You are too injured to fight recklessly!
You are too injured to fight recklessly!
You are too injured to fight recklessly!
You are too injured to fight recklessly!
You are too injured to fight recklessly!
You are too injured to fight recklessly!
You are too injured to fight recklessly!
You are too injured to fight recklessly!
You are too injured to fight recklessly!
You are too injured to fight recklessly!
You are too injured to fight recklessly!
You are too injured to fight recklessly!
You are too injured to fight recklessly!
You tentacle-slap the giant cockroach.
You kill the giant cockroach!
Something hits you!
* * * LOW HITPOINT WARNING * * *
The frilled lizard closely misses you.
You tentacle-slap the frilled lizard but do no damage.
You grab the frilled lizard. You constrict the frilled lizard.
You kill the frilled lizard!
Something hits you but does no damage.
You start resting.
Something hits you.
* * * LOW HITPOINT WARNING * * *
You start resting.
Something hits you!
You die...

**,,,* *,**,* #......# ***,**
*###+##'## #......# *,,*
*........# #......#
**,***........# #......#
***,,*,........# ###......#
*,,,,,,........# ##.+......#
*,**,,,........# ####..#......#
*,*,,,,.......†# #.......)....#
*,*,*,,.......@###.##..#####..#
*,*,*,,...........)##.##...##..
*,*,,,,.####..#########⌠.>.⌠##.
***,*,***,,**#.#*** #.......#.
*,,,,,,,,,,,...,,,* #.>.)...'.
*,*,*******####**,* #.......##
*,*,,,,,,,,,,,,,*,* ##⌠.<.⌠##
*,*************,*,* ##.[.##
,,,,,,,,* *,*,* #####


There were no monsters in sight!

Vanquished Creatures
  Jessica (D:3)
  Robin (D:2)
  2 adders
  A worm (D:2)
  A dart slug (D:1)
  2 orcs
  7 endoplasms
  9 giant cockroaches
  14 goblins
  11 hobgoblins
  5 quokkas
  5 ball pythons
  3 bats
  4 frilled lizards
  5 kobolds
  5 rats
76 creatures vanquished.

Vanquished Creatures (others)
  2 plants (D:3)
2 creatures vanquished.

Grand Total: 78 creatures vanquished

Notes
Turn   | Place    | Note
-------+----------+-------------------------------------------
     0 | D:1      | purpskrrrp the Octopode Transmuter began the quest for the
                  | Orb.
     0 | D:1      | Reached XP level 1. HP: 13/13 MP: 3/3
    80 | D:1      | Reached XP level 2. HP: 17/18 MP: 5/5
   243 | D:1      | Found a faded altar of an unknown god.
   417 | D:1      | Reached XP level 3. HP: 23/23 MP: 3/6
   759 | D:1      | Learned a level 2 spell: Wereblood
  1059 | D:2      | Reached skill level 1 in Stealth
  1176 | D:2      | Reached XP level 4. HP: 27/28 MP: 5/7
  1523 | D:2      | Noticed Robin
  1528 | D:2      | Killed Robin
  2242 | D:3      | Noticed Jessica
  2261 | D:3      | Killed Jessica
  2262 | D:3      | Reached XP level 5. HP: 30/33 MP: 6/9
  2503 | D:3      | Noticed Sigmund
  2518 | D:3      | Slain by Sigmund

Illustrated notes

Levels and vault maps discovered:
D:1:      zaba_arrival_water, layout_loops_cross,
          shapermc_ecumenical_altar_venn, palyth_stone_intersect,
          chequers_serial_rivers_micro_c, hex_tiny
D:2:      layout_basic, uniq_robin
D:3:      layout_basic, serial_bayou_pond_d, grunt_ministairs_7, uniq_sigmund,
          uniq_jessica

Skill      XL: |  1  2  3  4 |
---------------+-------------+-----
Stealth        | 1 2 |  2.9
Fighting       | |  1.6
Dodging        | |  2.8
Unarmed Combat | |  3.6
Spellcasting   | |  2.7
Transmutations | |  2.7

Action                   |  1- 3 |  4- 6 || total
-------------------------+-------+-------++-------
Melee: Unarmed           |    75 |    74 ||   149
       Kick              |    23 |    17 ||    40
       Constrict         |    25 |    20 ||    45
       Tentacles         |    14 |    10 ||    24
       Punch             |     3 |     3 ||     6
 Cast: Beastly Appendage |    24 |    16 ||    40
       Wereblood         |       |     2 ||     2
  Use: Scroll            |     1 |     6 ||     7
 Stab: Sleeping          |     6 |     4 ||    10
Armor: Skin              |     5 |     4 ||     9
Dodge: Dodged            |    35 |    35 ||    70

Table legend: (Time is in decaauts)
 A = Elapsed time spent in this place.
 B = Non-inter-level travel time spent in this place.
 C = Inter-level travel time spent in this place.
 D = Time resting spent in this place.
 E = Time spent auto-exploring this place.
 F = Levels seen in this place.
 G = Mean time per level.
                   A        B        C        D        E       F      G
               +--------+--------+--------+--------+--------+-----+--------+
         Total |   2508 |   2377 |    131 |    204 |   1686 |   3 |  836.0 |
       Dungeon |   2508 |   2377 |    131 |    204 |   1686 |   3 |  836.0 |
               +--------+--------+--------+--------+--------+-----+--------+

Top non-repeatable levels by time:
     D:2: 1308 daAuts
     D:1: 757 daAuts
     D:3: 442 daAuts
